[Event "Early-Titled-Tuesday-Blitz-May-14-2024"]
[Site "Chess.com"]
[Date "2024.05.14"]
[Round "10"]
[White "kekic76"]
[Black "Anu-triz"]
[Result "1-0"]
[WhiteElo "2294"]
[BlackElo "2262"]
[TimeControl "180+1"]
[EndTime "9:55:21 PDT"]
[Termination "kekic76 won by resignation"]

1. e4 e5 2. Nf3 Nc6 3. d4 exd4 4. Nxd4 Nf6 5. Nc3 Bb4 6. Nxc6 bxc6 7. Bd3 O-O 8. O-O d5 9. exd5 cxd5 10. Bg5 Be7 11. h3 c6 12. Qf3 Rb8 13. b3 Be6 14. Ne2 h6 15. Bxf6 Bxf6 16. Rad1 c5 17. Nf4 Qd6 18. Nxe6 fxe6 19. Qe2 Kh8 20. Qh5 c4 21. bxc4 dxc4 22. Be4 Qe5 23. Qg6 Kg8 24. Rd7 1-0

[Event "Early-Titled-Tuesday-Blitz-May-14-2024"]
[Site "Chess.com"]
[Date "2024.05.14"]
[Round "10"]
[White "pfalcon1949"]
[Black "simaopdias"]
[Result "1-0"]
[WhiteElo "1926"]
[BlackElo "2229"]
[TimeControl "180+1"]
[EndTime "9:55:22 PDT"]
[Termination "pfalcon1949 won by resignation"]

1. e4 c5 2. Nf3 d6 3. d4 cxd4 4. Nxd4 Nc6 5. Nc3 Bd7 6. Be2 e6 7. g4 Be7 8. Be3 Nxd4 9. Bxd4 e5 10. Be3 Be6 11. Qd2 Nf6 12. Rg1 Qa5 13. g5 Nd7 14. h4 O-O-O 15. O-O-O Kb8 16. Kb1 Rc8 17. h5 Rxc3 18. Qxc3 Qxa2+ 19. Kc1 Rc8 20. Qa3 Qxa3 21. bxa3 Nc5 22. f3 Na4 23. g6 fxg6 24. hxg6 h6 25. f4 Nc3 26. Bd3 Nxd1 27. Kxd1 d5 28. exd5 Bxd5 29.
fxe5 Bxa3 30. Bf4 Rf8 31. Rf1 Bb2 32. e6+ Kc8 33. e7 Re8 34. Bf5+ 1-0

[Event "Early-Titled-Tuesday-Blitz-May-14-2024"]
[Site "Chess.com"]
[Date "2024.05.14"]
[Round "10"]
[White "GMSrinath"]
[Black "Skatchkov_V"]
[Result "1-0"]
[WhiteElo "2831"]
[BlackElo "2648"]
[TimeControl "180+1"]
[EndTime "9:55:23 PDT"]
[Termination "GMSrinath won by resignation"]

1. e4 e5 2. Nf3 d5 3. exd5 e4 4. Qe2 Nf6 5. Nc3 Be7 6. Nxe4 Nxd5 7. d4 O-O 8. Qd1 Re8 9. Bd3 Bb4+ 10. Kf1 Bg4 11. c3 Bf8 12. h3 Bh5 13. Ng3 Bg6 14. Bxg6 hxg6 15. Kg1 c5 16. Kh2 Nc6 17. dxc5 Bxc5 18.
Rf1 a5 19. a4 Qd7 20. Qc2 Rad8 21. Bg5 f6 22. Bd2 Qf7 23. Rad1 g5 24. Bxg5 fxg5 25.
Nxg5 Qf4 26. Qh7+ Kf8 27. Qh8+ Ke7 28. Qxg7+ Kd6 29. Nf7+ 1-0

[Event "Early-Titled-Tuesday-Blitz-May-14-2024"]
[Site "Chess.com"]
[Date "2024.05.14"]
[Round "10"]
[White "CD3m"]
[Black "Mbneu"]
[Result "1-0"]
[WhiteElo "2368"]
[BlackElo "2233"]
[TimeControl "180+1"]
[EndTime "9:55:27 PDT"]
[Termination "CD3m won by resignation"]

1. e4 c5 2. Nf3 Nf6 3. Nc3 d5 4.
exd5 Nxd5 5. Bb5+ Bd7 6. Qe2 a6 7. Bxd7+ Qxd7 8. a4 Nc6 9. O-O e6 10. b3 Be7 11. Ne4 O-O 12. d3 Nd4 13. Nxd4 cxd4 14. Bb2 Rac8 15. Bxd4 Nf4 16. Qe3 Qxd4 17. Qxf4 Rxc2 18.
Qe3 Qxe3 19. fxe3 f5 20. Ng3 Rc3 21. e4 Rxd3 22. exf5 exf5 23. Nxf5 Bc5+ 24. Kh1 Rxb3 25.
Rac1 b6 26. Rxc5 1-0

[Event "Early-Titled-Tuesday-Blitz-May-14-2024"]
[Site "Chess.com"]
[Date "2024.05.14"]
[Round "10"]
[White "elcala"]
[Black "Acva-Alenok"]
[Result "0-1"]
[WhiteElo "1944"]
[BlackElo "2370"]
[TimeControl "180+1"]
[EndTime "9:55:34 PDT"]
[Termination "Acva-Alenok won by resignation"]

1. d4 Nf6 2. Bf4 d5 3. Nf3 c5 4. e3 Nc6 5. c3 Qb6 6. Qb3 c4 7. Qxb6 axb6 8. Nbd2 b5 9. Be2 Bf5 10. O-O h6 11. h3 e6 12. a3 g5 13. Bh2 Kd7 14.
Ne5+ Nxe5 15. Bxe5 Be7 16. f3 Rhg8 17. Bxf6 Bxf6 18.
e4 Bh7 19. e5 Be7 20. f4 Raf8 21. Bg4 gxf4 22. Rxf4 Bg5 23. Rf2 Be3 24. Rf1 Bd3 25. Kh1 Bxf1 26. Rxf1 Bxd2 0-1

[Event "Early-Titled-Tuesday-Blitz-May-14-2024"]
[Site "Chess.com"]
[Date "2024.05.14"]
[Round "10"]
[White "Meri-Arabidze"]
[Black "temus_galaktionov"]
[Result "0-1"]
[WhiteElo "2710"]
[BlackElo "2867"]
[TimeControl "180+1"]
[EndTime "9:55:41 PDT"]
[Termination "temus_galaktionov won by resignation"]

1. Nf3 c6 2. c4 g6 3. g3 d6 4. Bg2 Bg7 5. O-O Nf6 6. Nc3 O-O 7. d4 Nbd7 8. e4 e5 9. Re1 Re8 10. h3 exd4 11. Nxd4 a5 12. Be3 Nc5 13. Qc2 a4 14.
Rad1 Qa5 15. Nde2 Rd8 16. e5 Bf5 17. Qc1 dxe5 18. Rxd8+ Rxd8 19. Bxc5 Qxc5 20. Nxa4 Qb4 21. b3 Bh6 22. Qa1 Bg7 23. Rd1 Rd2 24. Nac3 Qd6 25. Rxd2 Qxd2 26. Qd1 Qxd1+ 27. Nxd1 Nd7 28. Ne3 Be6 29.
Nc3 f5 30. Na4 e4 31. f3 b5 32. cxb5 cxb5 33. fxe4 bxa4 34. exf5 gxf5 35. bxa4 Bd4 36. Kf2 Bxa2 37. Ke2 Bb1 38. a5 Nc5 39. Bd5+ Kg7 40. Bc4 Kf6 41. a6 Nd7 42. g4 f4 43. Nd5+ Ke5 44.
Kf3 Be4+ 45. Ke2 f3+ 46. Kf1 Bxd5 0-1

[Event "Early-Titled-Tuesday-Blitz-May-14-2024"]
[Site "Chess.com"]
[Date "2024.05.14"]
[Round "10"]
[White "kritipatel"]
[Black "ChEsper99"]
[Result "1-0"]
[WhiteElo "2184"]
[BlackElo "2250"]
[TimeControl "180+1"]
[EndTime "9:55:46 PDT"]
[Termination "kritipatel won by resignation"]

1. e4 c6 2. d4 d5 3. exd5 cxd5 4. Bd3 Nf6 5. c3 Nc6 6. Bf4 Bg4 7. Qb3 Qd7 8. Nd2 e6 9. Ngf3 Bd6 10. Bxd6 Qxd6 11. O-O O-O 12. Rae1 a5 13. Ne5 Bh5 14. f4 Bg6 15. f5 Bxf5 16. Bxf5 exf5 17. Rxf5 a4 18. Qd1 a3 19. b3 Rae8 20. Qf3 Ne4 21. Nxe4 dxe4 22. Rxe4 Qh6 23. Nxf7 Qc1+ 24. Kf2 Qd2+ 25.
Kg3 Rxe4 26. Nh6+ 1-0

[Event "Early-Titled-Tuesday-Blitz-May-14-2024"]
[Site "Chess.com"]
[Date "2024.05.14"]
[Round "10"]
[White "GambitGiesbergen"]
[Black "Shushik"]
[Result "0-1"]
[WhiteElo "2344"]
[BlackElo "2543"]
[TimeControl "180+1"]
[EndTime "9:55:59 PDT"]
[Termination "Shushik won by resignation"]

1. b3 d6 2. Bb2 e5 3. e3 Nc6 4. Bc4 g6 5. Nf3 Bg7 6. O-O Nge7 7. d4 e4 8. Nfd2 O-O 9. f3 d5 10. Bb5 Nf5 11. Qe2 Ncxd4 12. exd4 Nxd4 13. Qf2 e3 14. Qxe3 Nxc2 15. Qd3 Bxb2 16. Qxc2 Bxa1 17. Nc3 Bf5 18.
Bd3 Bxc3 19. Qxc3 Bxd3 20. Qxd3 c6 21. b4 Qb6+ 22. Kh1 Rfe8 23. f4 Re3 24. Qc2 Rae8 25.
Nf3 Qxb4 26. f5 Qe4 27. Qb2 Qxf5 28. Qxb7 d4 29. Qxc6 d3 30. Qd6 Re2 31. h3 d2 32.
Nxd2 Rxd2 0-1

[Event "Early-Titled-Tuesday-Blitz-May-14-2024"]
[Site "Chess.com"]
[Date "2024.05.14"]
[Round "10"]
[White "AniJak"]
[Black "Chernov_Alexander_A"]
[Result "0-1"]
[WhiteElo "2363"]
[BlackElo "2286"]
[TimeControl "180+1"]
[EndTime "9:56:03 PDT"]
[Termination "Chernov_Alexander_A won by resignation"]

1. e4 d6 2. d4 Nf6 3. Nc3 Nbd7 4. g3 e5 5. Nge2 c6 6. a4 Be7 7. Bg2 O-O 8. O-O Re8 9. h3 exd4 10. Nxd4 Nc5 11.
Nf5 Bf8 12. Bg5 h6 13. Bxf6 Qxf6 14. g4 g6 15. Ng3 a5 16. f4 Bd7 17. Qf3 Rad8 18. Rad1 Bc8 19. f5 Nd7 20. Qf2 d5 21. exd5 Bc5 22. Nce4 Bxf2+ 23. Rxf2 Qxb2 24. fxg6 fxg6 25. dxc6 bxc6 26. Nd6 Rf8 27. Rfd2 Ne5 28. Nc4 Nxc4 29. Rxd8 Qb6+ 30. Kh2 Rxd8 0-1

[Event "Early-Titled-Tuesday-Blitz-May-14-2024"]
[Site "Chess.com"]
[Date "2024.05.14"]
[Round "10"]
[White "ItsCheckM8Mate"]
[Black "th3d4rkness"]
[Result "0-1"]
[WhiteElo "2223"]
[BlackElo "2169"]
[TimeControl "180+1"]
[EndTime "9:56:03 PDT"]
[Termination "th3d4rkness won by checkmate"]

1. d4 Nf6 2. Nc3 d5 3. Bf4 c5 4. dxc5 Nc6 5. e4 d4 6. Nb5 e5 7.
Bg5 Bxc5 8. c3 a6 9. Bxf6 gxf6 10. cxd4 Nxd4 11. Nxd4 Bxd4 12. Qd2 Qb6 13. Rb1 Be6 14.
a3 Rd8 15. Nf3 Ba2 16. Nxd4 Rxd4 17. Qc2 Bxb1 18. Qxb1 Qa5+ 19. Ke2 Qd2+ 20. Kf3 Qf4+ 21. Ke2 Rd2+ 22. Ke1 Qxf2# 0-1

[Event "Early-Titled-Tuesday-Blitz-May-14-2024"]
[Site "Chess.com"]
[Date "2024.05.14"]
[Round "10"]
[White "maracayo"]
[Black "SoCalJuniorChess"]
[Result "1-0"]
[WhiteElo "2364"]
[BlackElo "2219"]
[TimeControl "180+1"]
[EndTime "9:56:04 PDT"]
[Termination "maracayo won by resignation"]

1. e4 d5 2. d3 dxe4 3. dxe4 Qxd1+ 4. Kxd1 e5 5. Be3 Be6 6. Nd2 Nd7 7. c3 c6 8. Kc2 Bc5 9. Bxc5 Nxc5 10. b4 Na4 11. Bc4 O-O-O 12. Bxe6+ fxe6 13. Ngf3 Nf6 14. Nxe5 Rxd2+ 15. Kxd2 Nxe4+ 16. Kc2 Nexc3 17. Kb3 Rf8 18. f3 Rf5 19. Rhe1 Kc7 20. Rac1 h5 21. Rxc3 Nxc3 22.
Kxc3 g5 23. Re4 b6 24. Kd4 Kd6 25. Nc4+ Kd7 26. h4 gxh4 27. Rxh4 Rg5 28. g4 hxg4 29. Ne5+ Kc7 30. Rh7+ Kc8 31. fxg4 c5+ 32. bxc5 bxc5+ 33. Ke4 c4 34. Kf4 Rg8 35. Nxc4 1-0

[Event "Early-Titled-Tuesday-Blitz-May-14-2024"]
[Site "Chess.com"]
[Date "2024.05.14"]
[Round "10"]
[White "carloseduar100"]
[Black "MatyChess1"]
[Result "0-1"]
[WhiteElo "2240"]
[BlackElo "2619"]
[TimeControl "180+1"]
[EndTime "9:56:05 PDT"]
[Termination "MatyChess1 won by resignation"]

1. d4 Nf6 2. Bg5 g6 3. Bxf6 exf6 4. Nd2 Bg7 5. g3 O-O 6. Bg2 d5 7. e3 f5 8. Ne2 c6 9. O-O Nd7 10. c4 Nf6 11. Nc3 dxc4 12. Nxc4 Be6 13. Ne5 h5 14. a3 Ng4 15. Nxg4 hxg4 16. b4 a6 17. Na4 Re8 18. Nc5 Bc8 19. Rc1 a5 20. b5 cxb5 21. Nxb7 Qb6 22. Nc5 Rb8 23. Qb3 Bf8 24. Bd5 Qf6 25.
Nd3 Bd6 26. Rc6 Bb7 27. Bxf7+ Qxf7 28. Qxf7+ Kxf7 29. Rxd6 Be4 30. Ne5+ Rxe5 31. dxe5 b4 32. axb4 axb4 33. Rdd1 b3 34. Rd2 b2 35. Rxb2 Rxb2 36.
Rc1 Rb1 37. Rxb1 Bxb1 38. Kg2 Be4+ 39. Kf1 Ke6 40. Ke2 Kxe5 41. Kd2 Kd5 42. Kc3 Bb1 43. Kb4 Ke4 0-1

[Event "Early-Titled-Tuesday-Blitz-May-14-2024"]
[Site "Chess.com"]
[Date "2024.05.14"]
[Round "10"]
[White "Vasily_IM"]
[Black "cthulhuuu"]
[Result "0-1"]
[WhiteElo "2589"]
[BlackElo "2467"]
[TimeControl "180+1"]
[EndTime "9:56:07 PDT"]
[Termination "cthulhuuu won by resignation"]

1. d4 Nf6 2. c4 e5 3. dxe5 Ng4 4. Bf4 Nc6 5. Nf3 Bb4+ 6. Nbd2 Qe7 7. a3 Ncxe5 8.
Nxe5 Nxe5 9. e3 Bc5 10. b4 Bd4 11. Rb1 d6 12. Be2 Ng6 13. Bg3 Be5 14. O-O O-O 15.
Rc1 a5 16. c5 Bb2 17. cxd6 cxd6 18. Nc4 Bxc1 19. Bxd6 Qe4 20. Bxf8 Nxf8 21. Qxc1 axb4 22. axb4 Be6 23. Nb6 Ra2 24. Bc4 Rc2 25. f3 Qg6 0-1

[Event "Early-Titled-Tuesday-Blitz-May-14-2024"]
[Site "Chess.com"]
[Date "2024.05.14"]
[Round "10"]
[White "NCchamp"]
[Black "KanalSzachowy"]
[Result "1-0"]
[WhiteElo "2312"]
[BlackElo "2383"]
[TimeControl "180+1"]
[EndTime "9:56:07 PDT"]
[Termination "NCchamp won by resignation"]

1. d4 Nf6 2. Bg5 d5 3. e3 Nbd7 4. Nf3 h6 5. Bh4 e6 6. Bd3 Be7 7. Nbd2 O-O 8. Qe2 c5 9. c3 cxd4 10. exd4 a6 11. g4 Nxg4 12. Bxe7 Qxe7 13. Rg1 Ngf6 14.
Ne5 Kh8 15. f4 b5 16. Qg2 Nh5 17. Qg4 Ndf6 18. Qf3 Bb7 19. Bg6 Ne4 20. Qxh5 Nxd2 21.
Kxd2 b4 22. Bxf7 bxc3+ 23. bxc3 Qa3 24. Ng6+ Kh7 25. Nxf8+ Kh8 26. Qg6 Qb2+ 27. Kd3 Qb5+ 28. Ke3 1-0

[Event "Early-Titled-Tuesday-Blitz-May-14-2024"]
[Site "Chess.com"]
[Date "2024.05.14"]
[Round "10"]
[White "lilleper1"]
[Black "Zurability"]
[Result "1-0"]
[WhiteElo "2933"]
[BlackElo "2833"]
[TimeControl "180+1"]
[EndTime "9:56:08 PDT"]
[Termination "lilleper1 won by resignation"]

1. e4 c5 2. Nf3 d6 3. h3 Nf6 4. Nc3 Nc6 5. d4 cxd4 6. Nxd4 g6 7. Be3 Bg7 8. Qd2 Bd7 9. O-O-O Rc8 10. Kb1 Qc7 11.
g4 Nxd4 12. Qxd4 O-O 13. Qd3 b5 14. g5 Nh5 15. Nd5 Qd8 16. Be2 e6 17. Bxh5 exd5 18.
Bg4 dxe4 19. Qxd6 Bxg4 20. hxg4 Qc7 21. c3 Qc4 22. Qh2 h5 23. gxh6 Bf6 24. Bd4 Bxd4 25. Rxd4 Qe6 26. Rd6 Qxg4 27. Qe5 f6 28. Rxf6 Rxf6 29. Qxf6 Rc7 30. Qd8+ 1-0

[Event "Early-Titled-Tuesday-Blitz-May-14-2024"]
[Site "Chess.com"]
[Date "2024.05.14"]
[Round "10"]
[White "GothamChess"]
[Black "super_emi_26"]
[Result "1-0"]
[WhiteElo "2744"]
[BlackElo "2867"]
[TimeControl "180+1"]
[EndTime "9:56:08 PDT"]
[Termination "GothamChess won by resignation"]

1. e4 g6 2. d4 Bg7 3. Nc3 d6 4.
h3 Nf6 5. g4 e5 6. Bg2 exd4 7.
Qxd4 Nc6 8. Qd1 O-O 9. Nge2 h5 10.
Bg5 Qe8 11. Bxf6 Bxf6 12. gxh5 Qe5 13. hxg6 fxg6 14. Qd3 Be6 15. a3 Qg5 16. Rg1 Ne5 17.
Qg3 Qxg3 18. fxg3 Nc4 19. O-O-O Ne3 20. Rd3 Nxg2 21. Rxg2 Bxh3 22. Rh2 Bg4 23. Nf4 Bg5 24. Nd5 c6 25. Ne3 Bxf4 26. gxf4 Rxf4 27. Rh4 Rxe4 28. Nxg4 Re1+ 29. Kd2 Re6 30. Rdh3 Rf8 31. Rh8+ Kf7 32. Rf3+ 1-0

[Event "Early-Titled-Tuesday-Blitz-May-14-2024"]
[Site "Chess.com"]
[Date "2024.05.14"]
[Round "10"]
[White "Renatoforf"]
[Black "NiranjanNavalgund"]
[Result "1-0"]
[WhiteElo "1979"]
[BlackElo "2412"]
[TimeControl "180+1"]
[EndTime "9:56:10 PDT"]
[Termination "Renatoforf won by resignation"]

1. e4 d6 2. d4 g6 3. Nc3 Bg7 4. Bg5 c6 5. Qd2 Qa5 6. Nge2 b5 7. a3 b4 8. Na2 c5 9. axb4 cxb4 10. Be3 Nc6 11.
f3 b3 12. Qxa5 Nxa5 13. Nb4 Nc4 14. Bc1 bxc2 15. Nc3 Nb6 16. Nbd5 Nxd5 17. Nxd5 Kd8 18. Bd2 Bxd4 19. Ba5+ Kd7 20. Bb5+ Ke6 21. Nc7+ Kf6 22. Nxa8 Bxb2 23. Kd2 Bxa1 24. Rxa1 Bb7 25. Nc7 Nh6 26. Bc3+ e5 27. Nd5+ Bxd5 28. exd5 Rc8 29. Bc6 Nf5 30.
Rxa7 Ne3 31. Bb2 c1=Q+ 32. Bxc1 Nc4+ 33. Ke2 Nb6 34. Ba3 Nc4 35. Bb4 Rb8 36. Rb7 Ra8 37. Rxf7+ Kxf7 38. Bxa8 Ke7 39. Bc6 Nb6 40. Kd3 Nc8 41.
Ke4 Nb6 42. f4 exf4 43. Kxf4 Nc4 44. Kg5 Ne5 45. Kh6 Nd3 46. Ba3 Nf4 47. g3 Ne2 48. Kxh7 Kf6 49. Bxd6 Nd4 50. Bf4 Nf3 51. d6 Ke6 52. d7 Ke7 53. Bc7 Ng5+ 54. Kxg6 Ne6 55. d8=Q+ Nxd8 56. Bxd8+ Kf8 57. Bf6 Kg8 58. Bd5+ Kf8 59.
h3 Ke8 60. h4 Kf8 61. h5 Ke8 62. h6 Kd7 63. h7 Kd6 64. h8=Q Kc5 65. Qc8+ Kb4 66.
Qc4+ 1-0

[Event "Early-Titled-Tuesday-Blitz-May-14-2024"]
[Site "Chess.com"]
[Date "2024.05.14"]
[Round "10"]
[White "agvega14"]
[Black "LileKoridze"]
[Result "1-0"]
[WhiteElo "2179"]
[BlackElo "2397"]
[TimeControl "180+1"]
[EndTime "9:56:11 PDT"]
[Termination "agvega14 won by resignation"]

1. e4 c5 2. Nf3 d6 3. c3 Nf6 4.
Be2 g6 5. O-O Bh6 6. h3 O-O 7.
d3 Bxc1 8. Qxc1 Nc6 9. Na3 a6 10. Qh6 Ne5 11. Ng5 Re8 12. f4 Ned7 13. Nc4 Nf8 14.
e5 Nd5 15. Bg4 Bxg4 16. hxg4 f6 17. Nxh7 Nxh7 18. Qxg6+ Kh8 19. e6 Rg8 20. Qe4 Rxg4 21. Qxd5 Qg8 22. Ne3 Rg3 23. Rf3 Rb8 24. Raf1 Rg6 25.
Rh3 b5 26. Nf5 Qf8 27. Rff3 Kg8 28. Rfg3 Rxg3 29. Rxg3+ Kh8 30. Rg7 Qxg7 31. Nxg7 Kxg7 32. Qh5 Rf8 33. Qg4+ Kh8 34. Qf5 Rc8 35. Qd5 Rc7 36.
Qa8+ Kg7 37. Qxa6 Nf8 38. f5 b4 39. Qb6 Rc8 40. cxb4 cxb4 41. Qxb4 Rc1+ 42. Kh2 Nh7 43. Qb7 Ng5 44. Qxe7+ Kh6 45. Qxf6+ Kh5 46. e7 Re1 47.
e8=Q+ Rxe8 48. Qg6+ 1-0

[Event "Early-Titled-Tuesday-Blitz-May-14-2024"]
[Site "Chess.com"]
[Date "2024.05.14"]
[Round "10"]
[White "francyIM"]
[Black "Pomegranate988"]
[Result "1-0"]
[WhiteElo "2860"]
[BlackElo "2647"]
[TimeControl "180+1"]
[EndTime "9:56:15 PDT"]
[Termination "francyIM won by checkmate"]

1. e4 c6 2. d4 d5 3. exd5 cxd5 4. Bd3 Nf6 5. c3 Bg4 6. Qb3 Qc7 7. Ne2 Bxe2 8. Bxe2 Nc6 9. O-O e6 10. Nd2 Bd6 11.
Nf3 O-O 12. Bd3 Ne4 13. h3 f5 14. Qd1 h6 15. a3 Na5 16. Re1 a6 17. Ne5 Bxe5 18.
dxe5 Rfd8 19. Bc2 Nc4 20. f3 Qc5+ 21. Qd4 Qxd4+ 22. cxd4 Ng3 23. Kf2 f4 24. Bxf4 Nh5 25. Bc1 g5 26. h4 gxh4 27. Rh1 Rac8 28. Bg6 Ng3 29. Rxh4 Nf5 30. Rg4 Kh8 31. Bxf5 exf5 32. Rg6 Na5 33. Bxh6 Kh7 34. Rg3 Rc2+ 35. Ke3 f4+ 36.
Bxf4 Nc4+ 37. Kd3 Rxb2 38. Rh1# 1-0

[Event "Early-Titled-Tuesday-Blitz-May-14-2024"]
[Site "Chess.com"]
[Date "2024.05.14"]
[Round "10"]
[White "Legendinunknown"]
[Black "FoggyMorning"]
[Result "1-0"]
[WhiteElo "2831"]
[BlackElo "2629"]
[TimeControl "180+1"]
[EndTime "9:56:17 PDT"]
[Termination "Legendinunknown won on time"]

1. e4 e6 2. d3 d5 3. Qe2 Ne7 4. g3 c5 5. Bg2 Nbc6 6. Nf3 g6 7.
O-O Bg7 8. c3 O-O 9. Bf4 e5 10.
Bd2 Bg4 11. h3 Be6 12. Na3 Qd7 13. Ng5 d4 14. Nxe6 Qxe6 15. c4 a6 16. Nc2 Rab8 17. f4 b5 18. f5 gxf5 19. exf5 Nxf5 20. Bd5 Qg6 21. Bxc6 Nxg3 22. Qg2 bxc4 23. Rf3 Ne2+ 24. Kf2 Qxg2+ 25. Kxg2 cxd3 26. Na3 f5 27. Rxd3 e4 28. Rb3 Rbe8 29. Rb7 f4 30. Nc4 f3+ 31. Kh2 Rd8 32.
Bg5 e3 33. Bxd8 Rxd8 34. Bxf3 Nf4 35. Rg1 Ne6 36. Bg4 Ng5 37. h4 d3 38. hxg5 e2 39.
Re7 Kh8 40. Bxe2 dxe2 41. Rxe2 h6 42. gxh6 Bf6 43. Re6 Bd4 44. Rg4 Rf8 45. Ne5 Rf2+ 46. Rg2 1-0

[Event "Early-Titled-Tuesday-Blitz-May-14-2024"]
[Site "Chess.com"]
[Date "2024.05.14"]
[Round "10"]
[White "only_strong_moves"]
[Black "mightysmasher"]
[Result "0-1"]
[WhiteElo "2687"]
[BlackElo "2577"]
[TimeControl "180+1"]
[EndTime "9:56:19 PDT"]
[Termination "mightysmasher won by resignation"]

1. a4 e5 2. Ra3 Bxa3 3. Nxa3 d5 4. b3 Nf6 5. Bb2 Nc6 6. g3 O-O 7. Bg2 Re8 8. d3 d4 9. Nf3 Bg4 10. h3 Bxf3 11. Bxf3 e4 12. dxe4 Nxe4 13. Qd3 Qe7 14. O-O Rad8 15. Nc4 Nb4 16. Qd1 Nc3 17. Qd2 Qf6 18.
Kg2 c5 19. e3 Qh6 20. Bxb7 Ne4 21. Qc1 d3 22. cxd3 Nxd3 23. Qc2 Nexf2 24. Rxf2 Ne1+ 25.
Kh2 Nxc2 26. Rxc2 Rxe3 27. Bc1 Re2+ 28. Rxe2 Qxc1 29. Bg2 g6 30. Re5 Qc2 31. Rxc5 Qf2 32. Rc7 Rd3 33. Rc8+ Kg7 34. Re8 Qxg3+ 35. Kh1 Rd1+ 0-1

[Event "Early-Titled-Tuesday-Blitz-May-14-2024"]
[Site "Chess.com"]
[Date "2024.05.14"]
[Round "10"]
[White "CristianS27"]
[Black "jasrom"]
[Result "0-1"]
[WhiteElo "2529"]
[BlackElo "2394"]
[TimeControl "180+1"]
[EndTime "9:56:20 PDT"]
[Termination "jasrom won by resignation"]

1. e4 e6 2. d4 d5 3. Nd2 Be7 4. Bd3 c5 5. dxc5 Nf6 6. Qe2 a5 7. Ngf3 O-O 8. O-O Na6 9. exd5 exd5 10. Nb3 a4 11. Nbd4 Nxc5 12. Bg5 Re8 13. h3 Nce4 14. Bh4 h6 15. a3 Bd6 16. Qd1 g5 17. Bg3 Bxg3 18. fxg3 Nxg3 19. Re1 Nge4 20. c3 Qd6 21. Qc2 Qg3 22. Rad1 Bxh3 23. Bf1 Bd7 24. Nh2 Nh5 25.
Qe2 Nf4 26. Qf3 Nh3+ 27. Kh1 Nef2+ 0-1

[Event "Early-Titled-Tuesday-Blitz-May-14-2024"]
[Site "Chess.com"]
[Date "2024.05.14"]
[Round "10"]
[White "ernestina08chess"]
[Black "Aleksandar-Topalov"]
[Result "0-1"]
[WhiteElo "2318"]
[BlackElo "2466"]
[TimeControl "180+1"]
[EndTime "9:56:20 PDT"]
[Termination "Aleksandar-Topalov won by resignation"]

1. e4 e6 2. d4 d5 3. e5 Ne7 4. Bd3 Qd7 5. c3 b6 6. Nf3 Ba6 7. O-O Bxd3 8. Qxd3 c5 9. Bg5 Nbc6 10. Nbd2 h6 11. Bh4 Nf5 12. Bg3 Be7 13. a3 a5 14. a4 O-O 15. Nb1 Rfc8 16. Na3 cxd4 17. cxd4 Nb4 18. Qd2 Qxa4 19. Nc4 Qb5 20. Nd6 Bxd6 21. exd6 Rc6 22. d7 Rc2 23. Qf4 Qxd7 24.
Ne5 Qe8 25. f3 Rac8 26. Be1 Rxb2 27. g4 Nd6 28. Bxb4 Rxb4 29. Ra2 Nb5 30. Rd2 f6 31.
Nd3 Rxd4 32. Qe3 e5 33. Rb1 Rc3 34. Qe2 Nd6 35. Ne1 Rxd2 36. Qxd2 Qc6 37. Rxb6 Qxb6+ 0-1

[Event "Early-Titled-Tuesday-Blitz-May-14-2024"]
[Site "Chess.com"]
[Date "2024.05.14"]
[Round "10"]
[White "Korchmar_Vasiliy"]
[Black "Viktoker"]
[Result "1-0"]
[WhiteElo "2688"]
[BlackElo "2376"]
[TimeControl "180+1"]
[EndTime "9:56:24 PDT"]
[Termination "Korchmar_Vasiliy won by checkmate"]

1. d4 f5 2. e4 fxe4 3. f3 d5 4.
fxe4 dxe4 5. Nc3 Nf6 6. Bg5 Be6 7. Nge2 Bd5 8. Nf4 e6 9. Bxf6 Qxf6 10. Ncxd5 exd5 11. Nxd5 Qd6 12. Bc4 Nc6 13. Qg4 Ne7 14. Ne3 Qxd4 15. Ke2 h5 16. Qe6 Qf6 17. Qh3 g6 18. Rhf1 Nf5 19. Nxf5 gxf5 20. Rxf5 Qd4 21. Rxf8+ Kxf8 22. Rf1+ Kg7 23. Qg3+ Kh6 24. Qf4+ Kh7 25. Qf7+ Kh6 26. Rf6+ Kg5 27. Qg6+ Kh4 28. Qg3# 1-0

[Event "Early-Titled-Tuesday-Blitz-May-14-2024"]
[Site "Chess.com"]
[Date "2024.05.14"]
[Round "10"]
[White "GrotBchess"]
[Black "Niktlt"]
[Result "1/2-1/2"]
[WhiteElo "2541"]
[BlackElo "2691"]
[TimeControl "180+1"]
[EndTime "9:56:25 PDT"]
[Termination "Game drawn by repetition"]

1. e4 c5 2. Nf3 Nc6 3. c3 d5 4. exd5 Qxd5 5. d4 Bg4 6. Be2 cxd4 7. cxd4 e6 8. Nc3 Qa5 9. O-O Nf6 10. h3 Bh5 11.
Bf4 Be7 12. Ne5 Bxe2 13. Nxc6 bxc6 14. Qxe2 Nd5 15. Be5 f6 16. Bg3 Nxc3 17. bxc3 Qd5 18. Rfe1 Kf7 19. Rab1 Rhe8 20. Rb7 c5 21. Rc7 Rec8 22.
Rxc8 Rxc8 23. c4 Qd7 24. d5 e5 25. f4 exf4 26. Bxf4 Re8 27. Qe4 Bf8 28. Qxe8+ Qxe8 29. Rxe8 Kxe8 30. Kf2 Kd7 31. Kf3 g6 32. Ke4 f5+ 33.
Ke3 Bg7 34. h4 Bf6 35. g3 h5 36. Kf3 a6 37. Be3 Kd6 38. Bf4+ Kd7 39. Be3 Kd6 40. Bf4+ Kd7 1/2-1/2

[Event "Early-Titled-Tuesday-Blitz-May-14-2024"]
[Site "Chess.com"]
[Date "2024.05.14"]
[Round "10"]
[White "stepanosinovsky"]
[Black "Lady_Nika"]
[Result "0-1"]
[WhiteElo "2325"]
[BlackElo "2490"]
[TimeControl "180+1"]
[EndTime "9:56:25 PDT"]
[Termination "Lady_Nika won on time"]

1. e4 c5 2. Nf3 e6 3. g3 g6 4. h4 h5 5. d4 cxd4 6. Qxd4 Qf6 7. Qd3 Nc6 8. Bg2 Bg7 9. Nc3 Nb4 10. Qe2 Bh6 11.
Bg5 Bxg5 12. hxg5 Qg7 13. e5 Ne7 14. Ne4 d5 15. exd6 Qxb2 16. O-O Ned5 17. a3 Qxc2 18. Qb5+ Nc6 19. Rfe1 a6 20. Qf1 O-O 21. Rac1 Qb2 22.
Nc5 Rd8 0-1

[Event "Early-Titled-Tuesday-Blitz-May-14-2024"]
[Site "Chess.com"]
[Date "2024.05.14"]
[Round "10"]
[White "Manukyan_Artak"]
[Black "Yan_Dyomin2010"]
[Result "0-1"]
[WhiteElo "2559"]
[BlackElo "2688"]
[TimeControl "180+1"]
[EndTime "9:56:29 PDT"]
[Termination "Yan_Dyomin2010 won by resignation"]

1. e4 c5 2. Nf3 Nc6 3. c3 Nf6 4.
e5 Nd5 5. d4 cxd4 6. cxd4 d6 7.
Nc3 dxe5 8. dxe5 Nxc3 9. Qxd8+ Nxd8 10. bxc3 Bd7 11. Nd4 Nc6 12. f4 Nxd4 13. cxd4 e6 14. Rb1 b6 15. Bb5 Be7 16. Ke2 Rc8 17. Kd3 Bxb5+ 18.
Rxb5 O-O 19. Be3 Rfd8 20. a4 Rd7 21. Rc1 Rxc1 22. Bxc1 Kf8 23. a5 Bd8 24. Ba3+ Ke8 25. axb6 axb6 26. Bd6 Ra7 27. Rb2 Kd7 28. Ke4 f5+ 29.
Kd3 Ra1 30. h3 h5 31. Ke3 Rd1 32. Rd2 Rxd2 33. Kxd2 Kc6 34. Kc3 Kd5 35. g3 h4 36.
gxh4 Bxh4 37. Kd3 g6 38. Bc7 b5 39. Ba5 Bg3 40. Bd2 Bf2 41. Bc3 Bg3 42. Bd2 b4 43.
Bxb4 Bxf4 44. Be1 Bg5 45. h4 Bd8 46. Bf2 Ba5 47. Be3 Be1 48. Bg5 Bf2 49. Be3 Bxh4 50. Bg1 g5 51. Bh2 g4 52. Bg1 Bd8 53. Be3 Bb6 54. Bg1 f4 0-1

[Event "Early-Titled-Tuesday-Blitz-May-14-2024"]
[Site "Chess.com"]
[Date "2024.05.14"]
[Round "10"]
[White "SargissyanSargis"]
[Black "mfschulz"]
[Result "1-0"]
[WhiteElo "2421"]
[BlackElo "2305"]
[TimeControl "180+1"]
[EndTime "9:56:29 PDT"]
[Termination "SargissyanSargis won by resignation"]

1. Nf3 b5 2. g3 Bb7 3. Bg2 Nf6 4. O-O e6 5. Na3 a6 6. c4 b4 7. Nc2 c5 8. b3 Be7 9. d4 O-O 10. d5 exd5 11. Nfe1 Qb6 12. cxd5 d6 13. Ne3 a5 14. Nc4 Qc7 15. Bb2 Ba6 16. e4 Bxc4 17. bxc4 Nbd7 18. f4 a4 19. Rc1 a3 20. Ba1 Rfe8 21. Nd3 Bf8 22. e5 dxe5 23. fxe5 Nxe5 24. Nxe5 Rxe5 25. d6 Bxd6 26. Bxa8 h5 27. Bg2 Ng4 28. Bxe5 Bxe5 29. Qd5 Bd4+ 30. Kh1 Nf2+ 31. Rxf2 Bxf2 32.
Rf1 Bd4 33. Qxh5 b3 34. Bd5 Bf6 35. Re1 Qd7 36. Bxf7+ Qxf7 37. Re8+ Qxe8 38. Qxe8+ Kh7 39. Qe4+ Kg8 40. Qd5+ Kh8 41. Qd2 b2 42. Qd3 Bd4 43. Kg2 Kg8 44. Kf3 Kf7 45. Ke2 Kf6 46. Kd1 Ke5 47. Kc2 1-0